 Dungeon Crawl Stone Soup version 0.23.0 (webtiles) character file.

Game seed: 13201597629155423780

12737 lapinsky the Slinger (level 11, 0/85 HPs)
             Began as a Minotaur Fighter on Feb 17, 2019.
             Slain by an Executioner (8 damage)
             ... on level 2 of the Abyss.
             The game lasted 00:58:24 (12091 turns).

lapinsky the Slinger (Minotaur Fighter)            Turns: 12091, Time: 00:58:25

Health: 0/85       AC: 19    Str: 25    XL:     11   Next: 66%
Magic:  0/12       EV:  8    Int:  5    God:
Gold:   445        SH: 13    Dex: 12    Spells: 13/13 levels left

rFire    . . .     SeeInvis .   p - +3 hunting sling of Gravity {velocity, Str+3}
rCold    . . .     Gourm    .   c - +1 shield
rNeg     . . .     Faith    .   q - +0 plate armour
rPois    .         Spirit   +   (helmet restricted)
rElec    .         Reflect  .   E - +0 cloak {+Inv}
rCorr    .         Harm     .   A - +2 pair of gloves
MR       .....                  (no boots)
Stlth    ..........             l - amulet of guardian spirit
HPRegen  0.24/turn              w - ring of stealth
MPRegen  0.13/turn              (no ring)

@: no status effects
A: retaliatory headbutt, horns 2
a: Evoke Invisibility


You were on level 2 of the Abyss.
You were not hungry.

You visited 1 branch of the dungeon, and saw 10 of its levels.
You visited the Abyss 1 time.

You collected 670 gold pieces.
You spent 225 gold pieces at shops.

Inventory:

Hand Weapons
 p - the +3 hunting sling of Gravity (weapon) {velocity, Str+3}
   (You found it on level 6 of the Dungeon)

   Any stone fired from it inflicts extra damage.
   It affects your strength (+3).
 v - a +3 scimitar of freezing
 z - a +5 spear
Missiles
 d - 92 stones
 r - 45 arrows
 t - 29 sling bullets (quivered)
 y - 24 tomahawks
Armour
 c - a +1 shield (worn)
 q - a +0 plate armour (worn)
 A - a +2 pair of gloves (worn)
 E - a +0 cloak of invisibility (worn)
Jewellery
 l - an amulet of guardian spirit (around neck)
 w - a ring of stealth (left hand)
Wands
 e - a wand of paralysis (6)
 m - a wand of polymorph (5)
 x - a wand of iceblast (7)
Scrolls
 b - a scroll of torment
 g - 2 scrolls of fear
 n - 3 scrolls of immolation
 s - 5 scrolls of remove curse
 u - a scroll of teleportation
 B - a scroll of enchant weapon
 D - a scroll of enchant armour
Potions
 a - 2 potions of resistance
 h - 4 potions of curing
 j - 2 potions of agility
 k - 7 potions of lignification
 o - a potion of flight {unknown}
 F - a potion of mutation
Miscellaneous
 C - a sack of spiders
Comestibles
 f - 11 rations


   Skills:
 - Level 4.7 Fighting
 - Level 7.4 Long Blades
   Level 4.2(4.5) Axes
 - Level 2.2(3.5) Polearms
 - Level 11.3(11.7) Slings
   Level 5.7 Bows
 - Level 4.8(8.3) Throwing
 + Level 9.2 Armour
 * Level 5.8 Dodging
 * Level 8.9 Shields
 - Level 1.5 Spellcasting
 - Level 0.8 Evocations


You had 13 spell levels left.
You didn't know any spells.
Your spell library contained the following spells:

 Spells                   Type           Power        Failure   Level  Hunger
 Corona                   Hex            #......      100%        1    ##.....
 Infusion                 Chrm           #...         100%        1    ##.....
 Ensorcelled Hibernation  Hex/Ice        #.....       100%        2    ###....
 Shroud of Golubria       Chrm/Tloc      #.........   100%        2    ###....
 Song of Slaying          Chrm           #.......     100%        2    ###....
 Confuse                  Hex            #.......     100%        3    ####...
 Dazzling Spray           Conj/Hex       #.....       100%        3    ####...
 Regeneration             Chrm/Necr      #.........   100%        3    ####...
 Spectral Weapon          Hex/Chrm       #.......     100%        3    ####...
 Tukima's Dance           Hex            #.......     100%        3    ####...


Dungeon Overview and Level Annotations

Branches:
Dungeon (10/15)            Temple (0/1) D:7            Lair (0/6) D:8
    Orc (0/2) D:9

Altars:
Ashenzari
Cheibriados
Dithmenos
Elyvilon
Fedhas
Kikubaaqudgha
Makhleb
Okawaru
Sif Muna
Trog
Uskayaw
Wu Jian
Yredelemnul
Zin
The Shining One

Shops:
D:7 (   D:10 [


Innate Abilities, Weirdness & Mutations

You reflexively headbutt those who attack you in melee.
You have a pair of horns on your head.


Message History

The Executioner hits you!
* * * LOW HITPOINT WARNING * * *
The Executioner hits you but does no damage.
You block the Executioner's attack. x3
The Executioner hits you but does no damage.
You reach into the bag... ...but nothing happens.
The Executioner hits you but does no damage.
The Executioner completely misses you. You block the Executioner's attack.
The Executioner hits you!
* * * LOW HITPOINT WARNING * * *
The Executioner hits you but does no damage. x2
You block the Executioner's attack. The Executioner barely misses you.
The Executioner hits you.
* * * LOW HITPOINT WARNING * * *
The Executioner hits you.
* * * LOW HITPOINT WARNING * * *
The Executioner barely misses you.
The Executioner hits you but does no damage.
The Executioner hits you!
You die...

#. # . . # . ##. #. #
. ≈ #. . #..## #. #≈
..#.#..#.##.# .#
#..##. #.. # . ≈
#..#.#.# ### # .##
#......##..# . #
...#####X##...###..
..((((.(((.E1@.......≈
..# .((.#...G.#.....#
#...###...## ...## .
##.# ##.## .## ≈ #..
...# .# ... ..... . .#
.. . ........ . .#..
.#..##.##


You could see a great orb of eyes, an Executioner, a large abomination and a
water elemental.

Vanquished Creatures
  2 two-headed ogres (D:9)
  A thrashing horror (Abyss:2)
  A sixfirhy (Abyss:2)
  A large abomination (Abyss:2)
  Joseph (D:7)
  2 trolls
  A hippogriff (D:9)
  Sigmund (D:6)
  Eustachio (D:6)
  2 hogs (D:10)
  A human (D:10)
  9 yaks
  5 hungry ghosts
  A water moccasin (D:6)
  4 sky beasts
  6 phantoms
  A necrophage (D:9)
  3 orc warriors
  3 black bears
  A wolf (D:8)
  5 centaurs
  An ogre (D:9)
  3 big kobolds
  8 bullfrogs
  A wyvern skeleton (D:8)
  7 scorpions
  A troll zombie (D:9)
  A killer bee (D:6)
  5 wights (D:7)
  2 howler monkeys (D:8)
  11 electric eels
  7 crimson imps
  6 hounds
  2 quasits
  12 orc wizards
  2 bullfrog zombies
  A centaur zombie (D:6)
  2 bullfrog skeletons
  2 orc priests
  2 centaur skeletons
  A jelly (D:9)
  2 iguanas
  Jessica (D:6)
  A gnoll shaman (D:6)
  9 worker ants
  5 ogre zombies (D:9)
  A mummy (D:9)
  A howler monkey skeleton (D:7)
  8 adders
  11 gnolls
  A shadow imp (D:5)
  An adder zombie (D:9)
  An adder skeleton (D:8)
  3 worms
  4 dart slugs
  4 leopard geckos
  38 orcs
  2 ball pythons
  7 giant cockroaches
  7 hobgoblins
  5 quokkas
  10 bats
  6 frilled lizards
  8 goblins
  2 goblin skeletons (D:9)
  A goblin zombie (D:9)
  A hobgoblin skeleton (D:9)
  2 hobgoblin zombies (D:9)
  18 kobolds
  3 orc skeletons (D:9)
  10 orc zombies (D:9)
  3 rats
  A spectral orc (D:4)
  A plant (D:6)
  A starspawn tentacle (Abyss:2)
308 creatures vanquished.

Vanquished Creatures (others)
  2 plants (D:6)
  2 starspawn tentacles (Abyss:2)
4 creatures vanquished.

Grand Total: 312 creatures vanquished

Notes
Turn   | Place    | Note
-------+----------+-------------------------------------------
     0 | D:1      | lapinsky the Minotaur Fighter began the quest for the Orb.
     0 | D:1      | Reached XP level 1. HP: 19/19 MP: 0/0
   186 | D:1      | Reached XP level 2. HP: 27/27 MP: 1/1
   815 | D:2      | Reached XP level 3. HP: 26/33 MP: 2/2
  1275 | D:2      | Reached XP level 4. HP: 40/40 MP: 3/3
  1475 | D:3      | Found a hide-covered altar of Uskayaw.
  1483 | D:3      | Found a glowing silver altar of Zin.
  2460 | D:4      | Reached skill level 5 in Armour
  2460 | D:4      | Reached XP level 5. HP: 38/47 MP: 4/4
  2464 | D:4      | Reached skill level 1 in Throwing
  2648 | D:4      | Reached skill level 1 in Dodging
  2667 | D:4      | Reached XP level 6. HP: 40/53 MP: 5/5
  3021 | D:4      | Found an iron altar of Okawaru.
  3151 | D:4      | Found an ancient bone altar of Kikubaaqudgha.
  3152 | D:4      | Found a blossoming altar of Fedhas.
  3353 | D:4      | Found a basalt altar of Yredelemnul.
  3463 | D:5      | Entered Level 5 of the Dungeon
  3470 | D:5      | Reached skill level 1 in Long Blades
  3481 | D:5      | Reached skill level 5 in Shields
  3750 | D:5      | Reached XP level 7. HP: 48/60 MP: 6/6
  4450 | D:6      | Noticed Sigmund
  4466 | D:6      | Reached XP level 8. HP: 39/67 MP: 7/7
  4473 | D:6      | Killed Sigmund
  4473 | D:6      | Reached skill level 5 in Long Blades
  5035 | D:6      | Noticed Eustachio
  5101 | D:6      | Killed Eustachio
  5289 | D:6      | Reached XP level 9. HP: 22/72 MP: 8/8
  5530 | D:6      | Got a scorched hunting sling
  5549 | D:6      | Identified the +3 hunting sling of Gravity {velocity,
                  | Str+3} (You found it on level 6 of the Dungeon)
  6021 | D:6      | HP: 3/72 [electric eel/bolt of electricity (9)]
  6346 | D:6      | Reached skill level 1 in Polearms
  7734 | D:6      | Found a glowing golden altar of the Shining One.
  7829 | D:6      | Noticed Jessica
  7835 | D:6      | Killed Jessica
  7841 | D:6      | Found a deep blue altar of Sif Muna.
  7937 | D:7      | Found an ornate altar of the Wu Jian Council.
  7953 | D:7      | Reached skill level 1 in Slings
  8000 | D:7      | Reached skill level 2 in Slings
  8020 | D:7      | Reached skill level 3 in Slings
  8046 | D:7      | Found a bloodstained altar of Trog.
  8116 | D:7      | Reached skill level 4 in Slings
  8288 | D:7      | Reached skill level 5 in Slings
  8385 | D:7      | Found a staircase to the Ecumenical Temple.
  8385 | D:7      | Noticed Joseph
  8418 | D:7      | Killed Joseph
  8418 | D:7      | Reached skill level 6 in Slings
  8612 | D:7      | Found a white marble altar of Elyvilon.
  8622 | D:7      | Found a burning altar of Makhleb.
  8684 | D:7      | Reached XP level 10. HP: 80/80 MP: 10/10
  8689 | D:7      | Reached skill level 1 in Spellcasting
  8702 | D:7      | Found Yhupont's Weapon Shop.
  8916 | D:7      | Reached skill level 7 in Slings
  9158 | D:8      | Found a shadowy altar of Dithmenos.
  9187 | D:8      | Reached skill level 1 in Bows
  9346 | D:8      | Found a shattered altar of Ashenzari.
  9625 | D:8      | Reached skill level 5 in Bows
  9662 | D:8      | Found a staircase to the Lair.
 10217 | D:9      | Noticed a two-headed ogre
 10226 | D:9      | Killed a two-headed ogre
 10226 | D:9      | Reached skill level 8 in Slings
 10369 | D:9      | Reached skill level 9 in Slings
 10414 | D:9      | Found a staircase to the Orcish Mines.
 10641 | D:9      | Reached skill level 10 in Slings
 10651 | D:9      | Reached XP level 11. HP: 71/85 MP: 9/12
 10835 | D:9      | Found a snail-covered altar of Cheibriados.
 11073 | D:9      | Noticed a two-headed ogre
 11080 | D:9      | Killed a two-headed ogre
 11080 | D:9      | Reached skill level 11 in Slings
 11221 | D:10     | Entered Level 10 of the Dungeon
 11813 | D:10     | Found Vomile's Antique Armour Shop.
 11824 | D:10     | Bought a glowing cloak for 225 gold pieces
 11856 | D:10     | Noticed a wizard
 11856 | D:10     | Cast into level 2 of the Abyss (a wizard)
 11908 | Abyss:2  | Noticed a tentacled starspawn
 12005 | Abyss:2  | Noticed a large abomination
 12011 | Abyss:2  | Noticed a sixfirhy
 12028 | Abyss:2  | Killed a large abomination
 12028 | Abyss:2  | Reached skill level 5 in Dodging
 12045 | Abyss:2  | Killed a sixfirhy
 12059 | Abyss:2  | Noticed a great orb of eyes
 12061 | Abyss:2  | Noticed a thrashing horror
 12068 | Abyss:2  | Killed a thrashing horror
 12082 | Abyss:2  | Noticed an Executioner
 12084 | Abyss:2  | Noticed a large abomination
 12091 | Abyss:2  | Slain by an Executioner

Skill      XL: |  1  2  3  4  5  6  7  8  9 10 11 |
---------------+----------------------------------+-----
Armour         | 4 5 6 7 8 9 |  9.2
Fighting       | 4 |  4.7
Shields        | 4 5 6 7 8 |  8.9
Axes           | 3 4 |  4.2
Throwing       | 2 3 4 |  4.8
Dodging        | 1 2 3 5 |  5.8
Long Blades    | 2 4 7 |  7.4
Polearms       | 2 |  2.2
Slings         | 6 10 11 | 11.3
Spellcasting   | 1 |  1.5
Bows           | 5 |  5.7
Evocations     | |  0.8

Action                   |  1- 3 |  4- 6 |  7- 9 | 10-12 || total
-------------------------+-------+-------+-------+-------++-------
Melee: War axe           |    78 |    94 |    29 |       ||   201
       Headbutt          |    12 |    26 |    67 |    24 ||   129
       Falchion          |       |    34 |   169 |       ||   203
       Rapier            |       |       |     1 |       ||     1
       Spear             |       |       |   110 |    73 ||   183
       Scimitar          |       |       |       |    31 ||    31
 Fire: Hunting sling     |       |       |   116 |   444 ||   560
Throw: Tomahawk          |       |    22 |    40 |    16 ||    78
       Stone             |       |       |       |    17 ||    17
Evoke: Wand              |       |       |    10 |     1 ||    11
       Sack of spiders   |       |       |       |     1 ||     1
  Use: Scroll            |       |     9 |    10 |    10 ||    29
       Potion            |       |     2 |     8 |     3 ||    13
 Stab: Paralysed         |       |       |     3 |       ||     3
       Invisible         |       |       |     2 |       ||     2
  Eat: Chunk             |     1 |     7 |       |     2 ||    10
       Ration            |       |     1 |     4 |     5 ||    10
Armor: Scale mail        |    32 |    75 |    91 |       ||   198
       Plate armour      |       |       |    33 |   140 ||   173
Dodge: Dodged            |    26 |    67 |   122 |    60 ||   275
Block: Shield            |    50 |   115 |   190 |   155 ||   510
       Rpst.: Falchion   |       |     6 |    18 |       ||    24
